MID
KANE COUNTY COUGARS @ LAKEWOOD BLUECLAWS
09/24/2045
 
TOP OF THE 1ST
Kane County Cougars batting - Pitching for Lakewood BlueClaws : LHP Pat Palazzolo
Pitching: LHP Pat Palazzolo
Batting: LHB Willie Gutierrez 0-0: Called Strike
0-1: Foul Ball, location: 2F
0-2: Ball
1-2: Ball
2-2: Ball
3-2: SINGLE (Groundball, 3D, EV 108.8 MPH)
Batting: RHB Edgar Garcia 0-0: Ball
Willie Gutierrez is caught stealing 2nd base 2-4
1-0: Ball
2-0: Foul Ball, location: 2F
2-1: SINGLE (Groundball, 6M, EV 85.6 MPH) (infield hit)
Batting: LHB Kevin Ferguson 0-0: Called Strike
0-1: Fielders Choice at 2nd, 6-4 (Groundball, 6, EV 96.9 MPH)
Batting: RHB Chris Bittner 0-0: Called Strike
Kevin Ferguson is caught stealing 2nd base 2-4
Top of the 1st over - 0 runs, 2 hits, 0 errors, 0 left on base; Kane County 0 - Lakewood 0
BOTTOM OF THE 1ST
Lakewood BlueClaws batting - Pitching for Kane County Cougars : LHP Lothar Klasen
Pitching: LHP Lothar Klasen
Batting: RHB Chris Myers 0-0: Ball
1-0: Fly out, F4 (Popup, 4, EV 73.8 MPH)
Batting: RHB Pablo Lopez 0-0: Foul Ball, location: 2F
0-1: Ball
1-1: Ball
2-1: Called Strike
2-2: Ball
3-2: Foul Ball, location: 2F
3-2: Base on Balls
Batting: RHB Manny Mendoza 0-0: Ball
1-0: Ball
2-0: Called Strike
2-1: Called Strike
2-2: Ball
3-2: Strikes out swinging
Pablo Lopez steals 2nd base
Batter strikes out.
Batting: LHB Josh George 0-0: Ball
1-0: Fly out, F8 (Flyball, 8RS, EV 80.0 MPH)
Bottom of the 1st over - 0 runs, 0 hits, 0 errors, 1 left on base; Kane County 0 - Lakewood 0
TOP OF THE 2ND
Kane County Cougars batting - Pitching for Lakewood BlueClaws : LHP Pat Palazzolo
Batting: RHB Chris Bittner 0-0: Reached on error, E6 (Groundball, 6, EV 105.6 MPH)
Batting: LHB Rick Roemer 0-0: Ball
1-0: Called Strike
1-1: Ball
2-1: Fly out, F5 (Flyball, 5D, EV 88.8 MPH)
Batting: RHB Marlon Reda 0-0: Ball
1-0: Foul Ball, location: 2F
1-1: Called Strike
1-2: Ball
2-2: Foul Ball, location: 2F
2-2: Fly out, F9 (Flyball, 89D, EV 106.9 MPH)
Batting: LHB T.J. Duvall 0-0: Ball
1-0: Ball
2-0: Foul Ball, location: 2F
2-1: Ground out U3 (Groundball, 3, EV 81.2 MPH)
Top of the 2nd over - 0 runs, 0 hits, 1 error, 1 left on base; Kane County 0 - Lakewood 0
BOTTOM OF THE 2ND
Lakewood BlueClaws batting - Pitching for Kane County Cougars : LHP Lothar Klasen
Batting: RHB Matt McDevitt 0-0: Called Strike
0-1: Ball
1-1: Ball
2-1: Ball
3-1: Base on Balls
Batting: RHB Victor Arroyo 0-0: Fielders Choice at 2nd, 5-4 (Groundball, 56, EV 105.0 MPH)
Batting: RHB Gary Hills 0-0: Fly out, F4 (Popup, 34, EV 75.0 MPH)
Batting: LHB Danny Zuniga 0-0: Foul Ball, location: 2F
0-1: Ball
1-1: Foul Ball, location: 2F
1-2: Fly out, F5 (Popup, 56S, EV 66.2 MPH)
Bottom of the 2nd over - 0 runs, 0 hits, 0 errors, 1 left on base; Kane County 0 - Lakewood 0
TOP OF THE 3RD
Kane County Cougars batting - Pitching for Lakewood BlueClaws : LHP Pat Palazzolo
Batting: RHB Curt Barrett 0-0: Called Strike
0-1: Swinging Strike
0-2: Strikes out swinging, 2-3 out at first.
Batting: RHB Sergio Manzanero 0-0: Fly out, F9 (Line Drive, 9D, EV 109.4 MPH)
Batting: LHB Willie Gutierrez 0-0: Ball
1-0: Ball
2-0: Called Strike
2-1: Fly out, F7 (Flyball, 7, EV 92.5 MPH)
Top of the 3rd over - 0 runs, 0 hits, 0 errors, 0 left on base; Kane County 0 - Lakewood 0
BOTTOM OF THE 3RD
Lakewood BlueClaws batting - Pitching for Kane County Cougars : LHP Lothar Klasen
Batting: SHB Mike Rueth 0-0: Ball
1-0: Ground out 2-3 (Groundball, 2L, EV 63.8 MPH)
Batting: RHB Chris Myers 0-0: Swinging Strike
0-1: Ball
1-1: Ball
2-1: Swinging Strike
2-2: SINGLE (Groundball, 56S, EV 65.6 MPH) (infield hit)
Batting: RHB Pablo Lopez 0-0: Ball
Chris Myers is caught stealing 2nd base 2-4
1-0: Called Strike
1-1: Swinging Strike
1-2: Ground out 6-3 (Groundball, 6, EV 82.5 MPH)
Bottom of the 3rd over - 0 runs, 1 hit, 0 errors, 0 left on base; Kane County 0 - Lakewood 0
TOP OF THE 4TH
Kane County Cougars batting - Pitching for Lakewood BlueClaws : LHP Pat Palazzolo
Batting: RHB Edgar Garcia 0-0: Swinging Strike
0-1: Foul Ball, location: 2F
0-2: Ball
1-2: TRIPLE (Flyball, 89XD, EV 110.0 MPH)
Batting: LHB Kevin Ferguson 0-0: Called Strike
0-1: Ball
1-1: Called Strike
1-2: Foul Ball, location: 2F
1-2: Hit by Pitch
Batting: RHB Chris Bittner 0-0: Called Strike
0-1: Swinging Strike
0-2: Hit by Pitch
Kevin Ferguson to second
Batting: LHB Rick Roemer 0-0: Called Strike
0-1: Ball
1-1: Called Strike
1-2: Ball
2-2: Fielders Choice at 2nd, 4-6 (Groundball, 4, EV 105.0 MPH)
Edgar Garcia scores
Kevin Ferguson to third
Batting: RHB Marlon Reda 0-0: Called Strike
0-1: Ball
1-1: Ball
2-1: Called Strike
2-2: Fly out, F4 (Popup, 4, EV 70.6 MPH)
Batting: LHB T.J. Duvall 0-0: Foul Ball, location: 2F
0-1: Ball
Passed Ball!
Kevin Ferguson scores
Rick Roemer to second
1-1: Swinging Strike
1-2: Ball
2-2: SINGLE (Groundball, 4, EV 96.9 MPH)
Rick Roemer to third
Runner from 3rd tries for Home, SAFE, throw by RF to home
Batting: RHB Curt Barrett 0-0: Called Strike
0-1: Called Strike
0-2: Foul Ball, location: 2F
0-2: Strikes out swinging
Top of the 4th over - 3 runs, 2 hits, 0 errors, 1 left on base; Kane County 3 - Lakewood 0
BOTTOM OF THE 4TH
Lakewood BlueClaws batting - Pitching for Kane County Cougars : LHP Lothar Klasen
Batting: RHB Manny Mendoza 0-0: Ball
1-0: Ball
2-0: Ball
3-0: Called Strike
3-1: Base on Balls
Batting: LHB Josh George 0-0: Called Strike
0-1: Fielders Choice at 2nd, 3-6 (Groundball, 34, EV 91.2 MPH)
Batting: RHB Matt McDevitt 0-0: Called Strike
0-1: Ball
1-1: SINGLE (Line Drive, 9LS, EV 106.9 MPH)
Josh George to second
Runner from 2nd tries for 3rd, SAFE, throw by RF made to third
Batting: RHB Victor Arroyo 0-0: Grounds into double play, 5-4-3 (Groundball, 56, EV 99.4 MPH)
Bottom of the 4th over - 0 runs, 1 hit, 0 errors, 1 left on base; Kane County 3 - Lakewood 0
TOP OF THE 5TH
Kane County Cougars batting - Pitching for Lakewood BlueClaws : LHP Pat Palazzolo
Batting: RHB Sergio Manzanero 0-0: Called Strike
0-1: Swinging Strike
0-2: Ball
1-2: Foul Ball, location: 2F
1-2: Foul Ball, location: 2F
1-2: Ball
2-2: Strikes out swinging
Batting: LHB Willie Gutierrez 0-0: Called Strike
0-1: Ball
1-1: Called Strike
1-2: Ball
2-2: Strikes out swinging
Batting: RHB Edgar Garcia 0-0: Ball
1-0: Ground out 1-3 (Groundball, 15S, EV 70.0 MPH)
Top of the 5th over - 0 runs, 0 hits, 0 errors, 0 left on base; Kane County 3 - Lakewood 0
BOTTOM OF THE 5TH
Lakewood BlueClaws batting - Pitching for Kane County Cougars : LHP Lothar Klasen
Batting: RHB Gary Hills 0-0: Foul Ball, location: 2F
0-1: Foul Ball, location: 2F
0-2: Fly out, F2 (Popup, 3SF, EV 76.2 MPH)
Batting: LHB Danny Zuniga 0-0: Ball
1-0: Called Strike
1-1: DOUBLE (Line Drive, 78XD, EV 108.1 MPH)
Batting: SHB Mike Rueth 0-0: Fly out, F9 (Flyball, 9S, EV 88.8 MPH)
Batting: RHB Chris Myers 0-0: Called Strike
0-1: Ball
1-1: Fly out, F8 (Flyball, 89S, EV 91.2 MPH)
Bottom of the 5th over - 0 runs, 1 hit, 0 errors, 1 left on base; Kane County 3 - Lakewood 0
TOP OF THE 6TH
Kane County Cougars batting - Pitching for Lakewood BlueClaws : LHP Pat Palazzolo
Pitching: RHP Ricardo Dominguez
Batting: LHB Kevin Ferguson 0-0: Ball
1-0: Ball
2-0: Called Strike
2-1: Swinging Strike
2-2: Ball
3-2: Base on Balls
Batting: RHB Chris Bittner 0-0: Called Strike
Kevin Ferguson steals 2nd, throwing error, E2
Kevin Ferguson to third
0-1: Ball
1-1: 2-RUN HOME RUN (Flyball, 7D, EV 93.8 MPH), Distance : 354 ft
Batting: LHB Rick Roemer 0-0: Ball
1-0: Ball
2-0: SINGLE (Groundball, 34D, EV 106.2 MPH)
Batting: RHB Marlon Reda 0-0: Called Strike
0-1: Ball
1-1: Ball
Passed Ball!
Rick Roemer to second
2-1: Foul Ball, location: 2F
2-2: Ball
3-2: Ground out 4-3 (Groundball, 4, EV 106.2 MPH)
Rick Roemer to third
Batting: LHB T.J. Duvall 0-0: Called Strike
0-1: Called Strike
0-2: Strikes out looking
Batting: RHB Curt Barrett 0-0: Called Strike
0-1: Called Strike
0-2: Ball
1-2: Ground out 5-3 (Groundball, 56S, EV 68.8 MPH)
Top of the 6th over - 2 runs, 2 hits, 1 error, 1 left on base; Kane County 5 - Lakewood 0
BOTTOM OF THE 6TH
Lakewood BlueClaws batting - Pitching for Kane County Cougars : LHP Lothar Klasen
Batting: RHB Pablo Lopez 0-0: Ball
1-0: Ball
2-0: Foul Ball, location: 2F
2-1: Foul Ball, location: 2F
2-2: Ball
3-2: Foul Ball, location: 2F
3-2: Fly out, F9 (Line Drive, 9, EV 86.2 MPH)
Batting: RHB Manny Mendoza 0-0: Foul Ball, location: 2F
0-1: Ball
1-1: Called Strike
1-2: Ball
2-2: Ball
3-2: Foul Ball, location: 2F
3-2: Strikes out looking
Batting: LHB Josh George 0-0: Ball
1-0: Foul Ball, location: 2F
1-1: Ball
2-1: Ball
3-1: Base on Balls
Batting: RHB Matt McDevitt 0-0: Ball
1-0: Called Strike
1-1: Foul Ball, location: 2F
1-2: Ball
2-2: Ball
3-2: Base on Balls
Josh George to second
Batting: RHB Victor Arroyo 0-0: Ball
1-0: Called Strike
1-1: Foul Ball, location: 2F
1-2: Ball
2-2: Ball
3-2: Foul Ball, location: 2F
3-2: Base on Balls
Josh George to third
Matt McDevitt to second
Batting: RHB Gary Hills 0-0: Called Strike
0-1: Swinging Strike
0-2: Foul Ball, location: 2F
0-2: Ball
1-2: Ball
2-2: Strikes out swinging
Bottom of the 6th over - 0 runs, 0 hits, 0 errors, 3 left on base; Kane County 5 - Lakewood 0
TOP OF THE 7TH
Kane County Cougars batting - Pitching for Lakewood BlueClaws : RHP Ricardo Dominguez
Batting: RHB Sergio Manzanero 0-0: Ball
1-0: Ball
2-0: Ball
3-0: Called Strike
3-1: Fly out, F8 (Line Drive, 8RM, EV 106.2 MPH)
Batting: LHB Willie Gutierrez 0-0: Ball
1-0: Ball
2-0: Ball
3-0: Called Strike
3-1: Foul Ball, location: 2F
3-2: SINGLE (Line Drive, 78S, EV 108.1 MPH)
Batting: RHB Edgar Garcia 0-0: Ball
Willie Gutierrez steals 2nd base (no throw)
1-0: Ball
Willie Gutierrez steals 3rd, throwing error, E2
Willie Gutierrez scores
2-0: Called Strike
2-1: SINGLE (Flyball, 34D, EV 90.0 MPH) - OUT at second base trying to stretch hit.
Batting: LHB Kevin Ferguson 0-0: Ball
1-0: Fly out, F7 (Flyball, 7S, EV 85.0 MPH)
Top of the 7th over - 1 run, 2 hits, 1 error, 0 left on base; Kane County 6 - Lakewood 0
BOTTOM OF THE 7TH
Lakewood BlueClaws batting - Pitching for Kane County Cougars : LHP Lothar Klasen
Pitching: LHP Garrett Bush
Batting: LHB Danny Zuniga 0-0: Swinging Strike
0-1: Foul Ball, location: 2F
0-2: Ball
1-2: SINGLE (Groundball, 4MD, EV 97.5 MPH)
Batting: SHB Mike Rueth 0-0: Ball
1-0: Ball
2-0: Called Strike
2-1: Foul Ball, location: 2F
2-2: Strikes out swinging
Batting: RHB Chris Myers 0-0: Fielders Choice at 2nd, 5-4 (Groundball, 5L, EV 83.1 MPH)
Batting: RHB Pablo Lopez Pickoff Throw to First - Out! 1-3
Bottom of the 7th over - 0 runs, 1 hit, 0 errors, 0 left on base; Kane County 6 - Lakewood 0
TOP OF THE 8TH
Kane County Cougars batting - Pitching for Lakewood BlueClaws : RHP Ricardo Dominguez
Batting: RHB Chris Bittner 0-0: Fly out, F7 (Flyball, 78D, EV 110.0 MPH)
Batting: LHB Rick Roemer 0-0: Ball
1-0: Called Strike
1-1: Called Strike
1-2: SINGLE (Flyball, 3D, EV 90.0 MPH) - OUT at second base trying to stretch hit.
Batting: RHB Marlon Reda 0-0: Swinging Strike
0-1: Called Strike
0-2: Strikes out swinging
Top of the 8th over - 0 runs, 1 hit, 0 errors, 0 left on base; Kane County 6 - Lakewood 0
BOTTOM OF THE 8TH
Lakewood BlueClaws batting - Pitching for Kane County Cougars : LHP Garrett Bush
Batting: RHB Pablo Lopez 0-0: Called Strike
0-1: Swinging Strike
0-2: Strikes out swinging
Batting: RHB Manny Mendoza 0-0: Called Strike
0-1: Ball
1-1: SOLO HOME RUN (Line Drive, 89XD, EV 107.5 MPH), Distance : 418 ft
Batting: LHB Josh George 0-0: Ground out 6-3 (Groundball, 6, EV 83.8 MPH)
Batting: RHB Matt McDevitt 0-0: DOUBLE (Groundball, 5L, EV 98.8 MPH)
Batting: RHB Victor Arroyo 0-0: Ball
1-0: Ball
2-0: Called Strike
2-1: Swinging Strike
2-2: Ball
Wild Pitch!
Matt McDevitt to third
3-2: Base on Balls
Batting: RHB Gary Hills 0-0: Fly out, F2 (Popup, 23F, EV 88.1 MPH)
Bottom of the 8th over - 1 run, 2 hits, 0 errors, 2 left on base; Kane County 6 - Lakewood 1
TOP OF THE 9TH
Kane County Cougars batting - Pitching for Lakewood BlueClaws : RHP Ricardo Dominguez
Batting: LHB T.J. Duvall 0-0: Ball
1-0: Ball
2-0: Ball
3-0: Base on Balls
Pitching: RHP David Maxwell
Batting: RHB Curt Barrett 0-0: Called Strike
0-1: Ball
T.J. Duvall steals 2nd base
1-1: DOUBLE (Line Drive, 3D, EV 95.6 MPH)
T.J. Duvall scores
Batting: RHB Sergio Manzanero 0-0: Foul Ball, location: 2F
0-1: Called Strike
0-2: Ball
1-2: Ball
2-2: Ball
3-2: Base on Balls
Batting: LHB Willie Gutierrez 0-0: Ball
1-0: Ball
2-0: SINGLE (Groundball, 25, EV 64.4 MPH) (infield hit)
Curt Barrett to third
Sergio Manzanero to second
Batting: RHB Edgar Garcia 0-0: Called Strike
0-1: Ball
1-1: Ball
2-1: Fielders Choice at 2nd, 4-6 (Groundball, 4, EV 88.8 MPH)
Curt Barrett scores
Sergio Manzanero to third
Batting: LHB Kevin Ferguson 0-0: Grounds out, U3 (Groundball, 3L, EV 83.1 MPH)
Sergio Manzanero scores
Batting: RHB Chris Bittner 0-0: Foul Ball, location: 2F
0-1: Ball
1-1: Foul Ball, location: 2F
1-2: Foul Ball, location: 2F
1-2: Ball
2-2: Fly out, F8 (Flyball, 78M, EV 87.5 MPH)
Top of the 9th over - 3 runs, 2 hits, 0 errors, 1 left on base; Kane County 9 - Lakewood 1
BOTTOM OF THE 9TH
Lakewood BlueClaws batting - Pitching for Kane County Cougars : LHP Garrett Bush
Batting: LHB Danny Zuniga 0-0: Ball
1-0: Swinging Strike
1-1: Called Strike
1-2: Ball
2-2: Ball
3-2: Foul Ball, location: 2F
3-2: Foul Ball, location: 2F
3-2: Foul Ball, location: 2F
3-2: SINGLE (Groundball, 6D, EV 99.4 MPH)
Pinch Hitting: RHB Seung-mun Kim 0-0: Swinging Strike
0-1: Foul Ball, location: 2F
0-2: Hit by Pitch
Danny Zuniga to second
Batting: RHB Chris Myers 0-0: Called Strike
0-1: Ball
1-1: Ball
2-1: Fly out, F8 (Flyball, 8LS, EV 90.0 MPH)
Batting: RHB Pablo Lopez 0-0: Ball
1-0: Foul Ball, location: 2F
1-1: Fly out, F9 (Line Drive, 9, EV 86.9 MPH)
Batting: RHB Manny Mendoza 0-0: Ball
1-0: Called Strike
1-1: Foul Ball, location: 2F
1-2: Ball
2-2: Fielders Choice at 2nd, U4 (Groundball, 4M, EV 107.5 MPH)
Bottom of the 9th over - 0 runs, 1 hit, 0 errors, 2 left on base; Kane County 9 - Lakewood 1
Wednesday, June 22nd , 2022 - OOTP Baseball 23.4 Build 64